 Dungeon Crawl Stone Soup version 0.28-a0-514-g0d7ab7f379 (webtiles) character file.

Game seed: 9999352566853510167

25 willcat the Sneak (level 3, -4/26 HPs)
             Began as an Octopode Delver on Sept 22, 2021.
             Slain by a scorpion (6 damage)
             ... on level 5 of the Dungeon.
             The game lasted 00:00:13 (45 turns).

willcat the Sneak (Octopode Delver)                   Turns: 45, Time: 00:00:14

Health: -4/26      AC:  1    Str: 11    XL:     3   Next: 4%
Magic:  3/3        EV: 13    Int: 13    God:
Gold:   5          SH:  0    Dex: 13    Spells: 2/2 levels left

rFire   . . .      SeeInvis .   a - +0 short sword
rCold   . . .      Faith    .   (no shield)
rNeg    . . .      Spirit   .   (helmet restricted)
rPois   .          Reflect  .   (no amulet)
rElec   .          Harm     .   (no ring)
rCorr   .          Rampage  .   (no ring)
Will    .....                   (no ring)
Stlth   ++++......              (no ring)
HPRegen 0.08/turn               (no ring)
MPRegen 0.08/turn               (no ring)
                                (no ring)
                                (no ring)

@: lethally poisoned (-4 -> -16)
A: almost no armour, amphibious, 8 rings, camouflage 1, gelatinous body 1,
(nimble swimmer 1), tentacles
a: no special abilities


You were on level 5 of the Dungeon.
You visited 1 branch of the dungeon, and saw 2 of its levels.

You collected 5 gold pieces.

Inventory:

Hand Weapons
 a - a +0 short sword (weapon)
Wands
 f - a wand of digging (3)
Scrolls
 b - a scroll of fog
 c - a scroll of magic mapping
 d - a scroll of fear
Potions
 e - a potion of haste


   Skills:
 - Level 3.0 Fighting
 + Level 2.5 Short Blades
 + Level 2.5 Dodging
 + Level 7.0 Stealth


You had 2 spell levels left.
You didn't know any spells.
Your spell library was empty.

Dungeon Overview and Level Annotations

Branches:
Dungeon (6/15)
 Temple: D:4-7

Altars:


Innate Abilities, Weirdness & Mutations

You cannot wear most types of armour.
You are amphibious.
You can wear up to eight rings at the same time.
Your skin changes colour to match your surroundings (Stealth+).
Your rubbery body absorbs attacks. (AC +1, EV +1)
((You are camouflaged near water. (Stealth+)))
You have tentacles for arms and can constrict up to eight enemies at once.


Message History

Unknown command.
Found 14 gold pieces.
You hit the scorpion but do no damage. You grab the scorpion.
You constrict the scorpion, but do no damage.
The scorpion stings you!
You hit the scorpion but do no damage. You constrict the scorpion.
The scorpion barely misses you.
You barely miss the scorpion.
The scorpion is lightly wounded.
You constrict the scorpion.
The scorpion stings you but does no damage.
You barely miss the scorpion.
The scorpion is moderately wounded.
You constrict the scorpion, but do no damage.
The scorpion stings you.
You are poisoned.
The scorpion poisons you! The scorpion stings you.
You are lethally poisoned!
The scorpion poisons you!
You hit the scorpion.
The scorpion is moderately wounded.
You constrict the scorpion.
* * * LOW HITPOINT WARNING * * *
You feel very sick. The scorpion barely misses you.
Unknown command.
You hit the scorpion.
The scorpion is heavily wounded.
You constrict the scorpion.
* * * LOW HITPOINT WARNING * * *
You feel very sick.
The scorpion stings you but does no damage.
Unknown command.
Unknown command.
You hit the scorpion but do no damage.
The scorpion is severely wounded.
You constrict the scorpion.
* * * LOW HITPOINT WARNING * * *
You feel sick. The scorpion stings you.
You die...

##########
#....>...#
##.########
#######..#
........##
........# .
........###....
.......@.......
.......s###....
........# .$
........#
........#
#########


You could see a scorpion.

Vanquished Creatures
  An iguana (D:6)
1 creature vanquished.

Notes
Turn   | Place    | Note
-------+----------+-------------------------------------------
     0 | D:5      | willcat the Octopode Delver began the quest for the Orb.
     0 | D:5      | Reached XP level 1. HP: 16/16 MP: 1/1
    14 | D:5      | Noticed a scorpion
    26 | D:6      | Noticed an iguana
    27 | D:6      | Killed an iguana
    28 | D:6      | Reached skill level 7 in Stealth
    28 | D:6      | Reached XP level 2. HP: 21/21 MP: 2/2
    28 | D:6      | Reached XP level 3. HP: 26/26 MP: 3/3
    45 | D:5      | Slain by a scorpion

Illustrated notes

Levels and vault maps discovered:
D:5:      layout_rooms, temple_green, kennysheep_small_spiral,
          minmay_misc_feat_square
D:6:      layout_basic, mainiacjoe_overflow_divided_tiny, lightli_corner_chamber

Skill      XL: |  1 |
---------------+----+-----
Stealth        | 7 |  7.0
Fighting       | |  3.0
Short Blades   | |  2.5
Dodging        | |  2.5

Action                   || total
-------------------------++-------
Melee: Short sword       ||     8
       Constrict         ||     1
 Stab: Sleeping          ||     1
Armor: Skin              ||     2
Dodge: Dodged            ||     2

Table legend: (Time is in decaauts)
 A = Elapsed time spent in this place.
 B = Non-inter-level travel time spent in this place.
 C = Inter-level travel time spent in this place.
 D = Time resting spent in this place.
 E = Time spent auto-exploring this place.
 F = Levels seen in this place.
 G = Mean time per level.
                   A        B        C        D        E       F      G
               +--------+--------+--------+--------+--------+-----+--------+
         Total |     45 |     45 |      0 |      0 |     19 |   2 |   22.5 |
       Dungeon |     45 |     45 |      0 |      0 |     19 |   2 |   22.5 |
               +--------+--------+--------+--------+--------+-----+--------+

Top non-repeatable levels by time:
     D:5: 42 daAuts
     D:6: 2 daAuts
